 Dungeon Crawl Stone Soup version 0.27-a0-1036-g8e1b44f6bd (webtiles) character file.

Game seed: 8974176707844635822

26 Ge0ff the Magician (level 3, 0/27 HPs)
             Began as a Djinni Ice Elementalist on Apr 18, 2021.
             Slain by an ogre
             ... wielding a +0 giant club
              (8 damage)
             ... on level 3 of the Dungeon.
             The game lasted 00:02:29 (1426 turns).

Ge0ff the Magician (Djinni Ice Elementalist)        Turns: 1426, Time: 00:02:30

Health: 0/27       AC:  3    Str:  7    XL:     3   Next: 8%
Gold:   57         EV: 12    Int: 17    God:
                   SH:  0    Dex: 13

rFire    + + .     SeeInvis .   a - +3 dagger (speed)
rCold    x . .     Faith    .   (no shield)
rNeg     . . .     Spirit   .   g - +0 robe
rPois    ∞         Reflect  .   (no helmet)
rElec    .         Harm     .   (no cloak)
rCorr    .         Rampage  .   b - +0 pair of gloves
Will     .....                  (boots unavailable)
Stlth    ++........             (no amulet)
HPRegen  0.09/turn              (no ring)
MPRegen  0.00/turn              (no ring)

@: flying, very slightly contaminated
A: fire resistance 2, cold vulnerability 1, float, innate caster, hp casting,
extra vitality 1
a: no special abilities


You were on level 3 of the Dungeon.
You visited 1 branch of the dungeon, and saw 3 of its levels.

You collected 57 gold pieces.

Inventory:

Hand Weapons
 a - a +3 dagger of speed (weapon)
Missiles
 d - 17 bolts
 h - 32 arrows
Armour
 b - a +0 pair of gloves (worn)
 g - a +0 robe (worn)
Scrolls
 e - a scroll of blinking {unknown}
 f - a scroll of identify {unknown}
Potions
 c - a potion of invisibility {unknown}


   Skills:
 - Level 1.0 Fighting
 - Level 2.1 Dodging
 - Level 1.5 Stealth
 + Level 4.2 Spellcasting


You couldn't memorise any spells.
You knew the following spells:

 Your Spells              Type           Power      Damage    Failure   Level
a - Ozocubu's Armour      Ice            18%        N/A       9%          3
b - Sandblast             Erth           36%        2d10      2%          1
f - Metabolic Englaciati  Hex/Ice        9%         N/A       58%         5
k - Freeze                Ice            72%        1d9       2%          1
m - Frozen Ramparts       Ice            36%        1d5       9%          3
E - Hailstorm             Conj/Ice       18%        3d6       26%         4
Your spell library was empty.

Dungeon Overview and Level Annotations

Branches:
Dungeon (2/15)

Altars:
The Shining One


Innate Abilities, Weirdness & Mutations

You are immune to poison.
Your flesh is very heat resistant. (rF++)
You are vulnerable to cold. (rC-)
You float through the air rather than walking.
You learn spells naturally, not from books.
Your magical power is your life essence.
You have superior vitality. (+4 HP)


Message History

Casting: Freeze (safe; 2% risk of failure)
Confirm with . or Enter, or press ? or * to list all spells.
The spell is quite dangerous to cast (9% risk of failure)!
Continue anyway? [Y]es or [N]o only, please.
The spell is quite dangerous to cast (9% risk of failure)!
Continue anyway?
You miscast Ozocubu's Armour.
You are very lightly contaminated with residual magic.
Nothing appears to happen.
Casting: Ozocubu's Armour (quite dangerous; 9% risk of failure)
Confirm with . or Enter, or press ? or * to list all spells.
Aiming: Freeze (safe; 2% risk of failure)
Press: ? - help, Shift-Dir - straight line, f - ogre
Aim: an ogre, wielding a +0 giant club You freeze the ogre.
The ogre is moderately wounded.
The ogre hits you with a +0 giant club!
Casting: Freeze (safe; 2% risk of failure)
Confirm with . or Enter, or press ? or * to list all spells.
Aiming: Freeze (safe; 2% risk of failure)
Press: ? - help, Shift-Dir - straight line, f/p - ogre
Aim: an ogre, wielding a +0 giant club (moderately wounded)
You freeze the ogre!
The ogre is heavily wounded.
The ogre misses you.
Casting: Freeze (safe; 2% risk of failure)
Confirm with . or Enter, or press ? or * to list all spells.
Aiming: Freeze (safe; 2% risk of failure)
Press: ? - help, Shift-Dir - straight line, f/p - ogre
Aim: an ogre, wielding a +0 giant club (heavily wounded)
You freeze the ogre.
The ogre is severely wounded.
Casting: Freeze (safe; 2% risk of failure)
Confirm with . or Enter, or press ? or * to list all spells.
Aiming: Freeze (safe; 2% risk of failure)
Press: ? - help, Shift-Dir - straight line, f/p - ogre
Aim: an ogre, wielding a +0 giant club (severely wounded)
You freeze the ogre.
The ogre is almost dead.
* * * LOW HITPOINT WARNING * * *
The ogre closely misses you.
Casting: Freeze (safe; 2% risk of failure)
Confirm with . or Enter, or press ? or * to list all spells.
Aiming: Freeze (safe; 2% risk of failure)
Press: ? - help, Shift-Dir - straight line, f/p - ogre
Aim: an ogre, wielding a +0 giant club (almost dead)
You freeze the ogre.
The ogre is almost dead.
* * * LOW HITPOINT WARNING * * *
The ogre hits you with a +0 giant club!
You die...

#.# #.# #w# ###
#†# #.## #.##
#..## #..# #...##
##†#
###....#######O#
##.#..#......##@#
#._..#######.'..#
##.#..#......#..#
###....#######.#
#...## #.# #..##
#.# #.## #.# ###
..# ####


You could see an ogre and a worm.

Vanquished Creatures
  A worm (D:3)
  A dart slug (D:1)
  An endoplasm (D:1)
  A giant cockroach (D:1)
  A goblin (D:1)
  A hobgoblin (D:1)
  4 jackals (D:3)
  A kobold (D:1)
  A quokka (D:1)
  2 ball pythons (D:1)
  A bat (D:1)
  3 frilled lizards
  2 rats
20 creatures vanquished.

Notes
Turn   | Place    | Note
-------+----------+-------------------------------------------
     0 | D:1      | Ge0ff the Djinni Ice Elementalist began the quest for the
                  | Orb.
     0 | D:1      | Reached XP level 1. HP: 15/15 MP: 0/0
   156 | D:1      | Reached skill level 1 in Fighting
   305 | D:1      | Found a faded altar of an unknown god.
   355 | D:1      | Reached XP level 2. HP: 2/22 MP: 0/0
  1125 | D:1      | Reached skill level 4 in Spellcasting
  1263 | D:2      | You are sucked into a shaft and drop 1 floor!
  1265 | D:3      | Found a glowing golden altar of the Shining One.
  1367 | D:3      | Reached XP level 3. HP: 27/27 MP: 0/0
  1367 | D:3      | Learned a level 1 spell: Sandblast
  1409 | D:3      | Noticed an ogre
  1426 | D:3      | Slain by an ogre

Illustrated notes

Levels and vault maps discovered:
D:1:      mrwooster_arrival_statue, layout_loops_cross,
          hellmonk_ecumenical_altar_arch_garden, minmay_ruptured
D:2:      layout_loops_cross, minmay_parallelograms
D:3:      layout_loops_ring, nicolae_tso_swordbearing_angel, uniq_terence

Skill      XL: |  1  2 |
---------------+-------+-----
Fighting       | 1 |  1.0
Spellcasting   | 4 |  4.2
Dodging        | |  2.1
Stealth        | |  1.5

Action                   || total
-------------------------++-------
Melee: Unarmed           ||     1
       Dagger            ||    23
 Cast: Freeze            ||    28
 Stab: Sleeping          ||     1
Armor: Robe              ||     8
Dodge: Dodged            ||    23

Table legend: (Time is in decaauts)
 A = Elapsed time spent in this place.
 B = Non-inter-level travel time spent in this place.
 C = Inter-level travel time spent in this place.
 D = Time resting spent in this place.
 E = Time spent auto-exploring this place.
 F = Levels seen in this place.
 G = Mean time per level.
                   A        B        C        D        E       F      G
               +--------+--------+--------+--------+--------+-----+--------+
         Total |   1415 |   1405 |     10 |     59 |   1178 |   3 |  471.7 |
       Dungeon |   1415 |   1405 |     10 |     59 |   1178 |   3 |  471.7 |
               +--------+--------+--------+--------+--------+-----+--------+

Top non-repeatable levels by time:
     D:1: 1228 daAuts
     D:3: 155 daAuts
     D:2: 31 daAuts
